 Dungeon Crawl Stone Soup version 0.27-a0-1181-g5f64966fcc (webtiles) character file.

Game seed: 5659125762889312549

43 lmSkywalker the Insei (level 3, 0/27 HPs)
             Began as a Djinni Transmuter on May 17, 2021.
             Slain by a bat (1 damage)
             ... on level 2 of the Dungeon.
             The game lasted 00:12:21 (2776 turns).

lmSkywalker the Insei (Djinni Transmuter)           Turns: 2776, Time: 00:12:21

Health: 0/27       AC:  2    Str:  9    XL:     3   Next: 82%
Gold:   55         EV: 12    Int: 15    God:
                   SH:  0    Dex: 13

rFire    + + .     SeeInvis .     - Unarmed
rCold    x . .     Faith    .   (no shield)
rNeg     . . .     Spirit   .   a - +0 robe
rPois    ∞         Reflect  .   (no helmet)
rElec    .         Harm     .   (no cloak)
rCorr    .         Rampage  .   (no gloves)
Will     .....                  (boots unavailable)
Stlth    +.........             (no amulet)
HPRegen  0.09/turn              (no ring)
MPRegen  0.00/turn              (no ring)

@: flying
A: sickness immunity, fire resistance 2, cold vulnerability 1, float, innate
caster, hp casting, extra vitality 1
a: no special abilities


You were on level 2 of the Dungeon.
You visited 1 branch of the dungeon, and saw 2 of its levels.

You collected 55 gold pieces.

Inventory:

Missiles
 d - 67 stones
Armour
 a - a +0 robe (worn)
 h - a +0 ring mail
Scrolls
 b - a scroll of enchant armour {unknown}
 c - a scroll of noise {unknown}
 f - a scroll of silence {unknown}
 g - a scroll of teleportation {unknown}
Potions
 e - a potion of heal wounds {unknown}


   Skills:
 - Level 1.0 Fighting
 + Level 3.0 Dodging
 + Level 3.5 Unarmed Combat
 + Level 2.1 Spellcasting


You couldn't memorise any spells.
You knew the following spells:

 Your Spells              Type           Power      Damage    Failure   Level
a - Beastly Appendage     Tmut           16%        N/A       9%          1
b - Wereblood             Tmut           8%         N/A       14%         2
c - Spider Form           Tmut/Pois      4%         N/A       26%         3
d - Ice Form              Ice/Tmut       8%         N/A       65%         4
e - Hydra Form            Tmut           4%         N/A       94%         5
f - Summon Small Mammal   Summ           32%        N/A       9%          1
Your spell library was empty.

Dungeon Overview and Level Annotations

Branches:
Dungeon (2/15)

Altars:


Innate Abilities, Weirdness & Mutations

You are immune to sickness and miasma.
You are immune to poison.
Your flesh is very heat resistant. (rF++)
You are vulnerable to cold. (rC-)
You float through the air rather than walking.
You learn spells naturally, not from books.
Your magical power is your life essence.
You have superior vitality. (+4 HP)


Message History

* * * LOW HITPOINT WARNING * * *
The ball python closely misses you.
Your horns disappear.
The ball python misses you. The ball python grabs you.
The ball python constricts you.
You escape the ball python's grasp.
The bat hits you.
* * * LOW HITPOINT WARNING * * *
The bat barely misses you.
You hit the bat.
The bat is heavily wounded.
The bat barely misses you. The ball python closely misses you.
The ball python grabs you. The ball python constricts you.
You escape the ball python's grasp.
The bat hits you but does no damage. The bat hits you but does no damage.
The bat barely misses you. The bat hits you but does no damage.
A rat and a hobgoblin come into view.
The bat closely misses you.
A bat comes into view.
The bat hits you.
* * * LOW HITPOINT WARNING * * *
The bat hits you but does no damage. The bat barely misses you.
The bat hits you but does no damage. The hobgoblin barely misses you.
An adder comes into view.
The adder hisses angrily.
The bat hits you but does no damage. The bat hits you.
* * * LOW HITPOINT WARNING * * *
The bat closely misses you.
You hit the bat but do no damage. The bat misses you.
The bat barely misses you. The ball python closely misses you. x2
The bat hits you but does no damage. The hobgoblin misses you.
The bat hits you but does no damage. x2; The bat barely misses you.
The bat hits you but does no damage. The ball python bites you.
* * * LOW HITPOINT WARNING * * *
The ball python barely misses you. The bat hits you but does no damage.
The hobgoblin completely misses you.
You hit the rat.
You kill the rat!
The bat barely misses you. The bat hits you.
You die...

#.......#......
#.......#........#
###.......#........# ...
...g...............##....
....# #..................
....# #..................
...# #...(..............
##'####....#####'#.......
....†.+...('..Sb@br......
.
##†####....#####Sg.......
. ##.# #....# ##........
. ##.# #....# #g....... .
##.# ###### #r....... .
##.# ##########........ .
+..# #......g..#.......
####. ####
###..g.r....#..###..
#.... #
#................# .
#.###


You could see a gnoll, an adder, a hobgoblin, 2 bats, a ball python and 2 rats.

Vanquished Creatures
  2 adders (D:2)
  A ball python (D:1)
  A bat (D:1)
  4 endoplasms
  A goblin (D:1)
  7 jackals
  3 kobolds
  A frilled lizard (D:2)
  2 rats
22 creatures vanquished.

Notes
Turn   | Place    | Note
-------+----------+-------------------------------------------
     0 | D:1      | lmSkywalker the Djinni Transmuter began the quest for the
                  | Orb.
     0 | D:1      | Reached XP level 1. HP: 17/17 MP: 0/0
   727 | D:1      | Reached XP level 2. HP: 22/22 MP: 0/0
   837 | D:1      | Found a faded altar of an unknown god.
  2166 | D:2      | Reached XP level 3. HP: 22/27 MP: 0/0
  2166 | D:2      | Learned a level 1 spell: Summon Small Mammal
  2775 | D:2      | HP: 1/27 [ball python (1)]
  2776 | D:2      | Slain by a bat

Illustrated notes

Levels and vault maps discovered:
D:1:      minmay_arrival_stone_box, layout_loops_corners,
          basic_ecumenical_altar, serial_bayou_pond_e
D:2:      cheibrodos_helix_gallery, layout_basic

Skill      XL: |  1  2  3 |
---------------+----------+-----
Spellcasting   | 2 |  2.1
Dodging        | 3 |  3.0
Fighting       | |  1.0
Unarmed Combat | |  3.5

Action                   || total
-------------------------++-------
Melee: Unarmed           ||   101
       Headbutt          ||    14
       Punch             ||     1
Throw: Stone             ||    18
 Cast: Beastly Appendage ||    23
       Summon Small Mamm ||     1
       Wereblood         ||     1
Armor: Robe              ||    29
Dodge: Dodged            ||   106

Table legend: (Time is in decaauts)
 A = Elapsed time spent in this place.
 B = Non-inter-level travel time spent in this place.
 C = Inter-level travel time spent in this place.
 D = Time resting spent in this place.
 E = Time spent auto-exploring this place.
 F = Levels seen in this place.
 G = Mean time per level.
                   A        B        C        D        E       F      G
               +--------+--------+--------+--------+--------+-----+--------+
         Total |   2779 |   2591 |    188 |    915 |    892 |   2 | 1389.5 |
       Dungeon |   2779 |   2591 |    188 |    915 |    892 |   2 | 1389.5 |
               +--------+--------+--------+--------+--------+-----+--------+

Top non-repeatable levels by time:
     D:1: 1726 daAuts
     D:2: 1052 daAuts
